Map: Emerald City CE

Players

SLicKcHeeZEE - Winner!

  • Race: Zerg Zerg
  • Spawn Location: 11:00

A.I. 1 (Elite)

  • Race: Terran Terran
  • Spawn Location: 5:00

VOD

Have the link to the VOD?

Description

Time

  • Played on: Sept. 13, 2026, 5:54 p.m.
  • Length: 12:31
Show
View Real Time Build Order
Export as new Build Order

SLicKcHeeZEE Zerg - Winner!

Build Orders: Hatch First, Roach Hydra 

Get SALT Encoding   

  8  0:00  Drone  
  9  0:11  Drone  
  10  0:16  Drone  
  11  0:27  Overlord  
  11  0:34  Drone  
  12  0:46  Drone x2  
  14  0:51  Drone  
  15  1:15  Hatchery  
  15  1:18  Drone  
  15  1:22  Drone  
  16  1:36  Spawning Pool  
  15  1:40  Extractor  
  15  1:42  Drone  
  15  1:46  Drone  
  16  1:50  Drone  
  17  1:55  Drone  
  18  2:04  Overlord  
  18  2:12  Drone  
  19  2:23  Queen  
  19  2:29  Queen  
  23  2:34  Drone  
  23  2:36  Drone  
  25  2:40  Drone  
  26  2:47  Overlord  
  26  2:50  Drone  
  27  2:53  Drone  
  27  2:57  Drone  
  29  3:05  Lair  
  29  3:14  Roach Warren  
  29  3:16  Drone  
  29  3:24  Drone  
  29  3:25  Overlord  
  30  3:29  Drone  
  31  3:42  Drone  
  31  3:43  Drone  
  31  3:44  Drone x2  
  36  3:54  Roach x4  
  44  3:57  Extractor  
  43  4:04  Hydralisk Den  
  43  4:07  Drone x3  
  45  4:13  Extractor  
  45  4:14  Overlord  
  45  4:16  Drone x2  
  46  4:17  Drone  
  47  4:32  Hydralisk  
  47  4:33  Hydralisk  
  51  4:42  Overlord  
  51  4:44  Hatchery  
  50  4:49  Evolution Chamber  
  50  4:51  Glial Reconstitution  
  49  4:53  Drone x2  
  49  4:56  Drone  
  49  4:58  Drone  
  53  5:01  Grooved Spines  
  53  5:06  Drone  
  53  5:07  Drone  
  55  5:08  Drone  
  55  5:10  Drone  
  55  5:14  Overlord  
  57  5:18  Zerg Missile Weapons Level 1  
  57  5:21  Overlord  
  57  5:34  Roach x3  
  57  5:35  Roach  
  65  5:36  Roach  
  65  5:38  Roach  
  69  5:44  Hydralisk  
  69  5:45  Hydralisk  
  73  5:50  Overlord  
  73  5:55  Muscular Augments  
  73  6:00  Queen  
  75  6:17  Overlord  
  75  6:18  Evolution Chamber  
  74  6:26  Drone x5  
  74  6:27  Drone  
  74  6:29  Overlord  
  74  6:30  Overlord  
  80  6:37  Roach x2  
  80  6:38  Roach x2, Hydralisk x2  
  92  6:42  Overlord  
  92  6:45  Zerg Ground Armor Level 1  
  92  6:56  Roach x4  
  100  7:02  Hydralisk x2  
  100  7:03  Hydralisk  
  100  7:06  Hydralisk  
  108  7:11  Drone  
  109  7:20  Hydralisk x2, Roach x2  
  117  7:25  Overlord  
  117  7:26  Overlord  
  117  7:47  Roach x4, Hydralisk x2  
  129  7:57  Extractor  
  128  7:59  Drone x2  
  128  8:00  Drone  
  128  8:01  Roach  
  128  8:02  Overlord  
  128  8:03  Overlord  
  133  8:08  Zerg Missile Weapons Level 2  
  133  8:13  Roach x2  
  137  8:33  Overlord  
  137  8:34  Hydralisk x4  
  145  8:47  Roach x3, Hydralisk  
  153  8:48  Hydralisk  
  155  9:06  Zerg Ground Armor Level 2  
  155  9:16  Extractor, Drone x3  
  157  9:28  Overlord x2, Hatchery  
  116  10:02  Roach  
  116  10:03  Roach x6, Hydralisk  
  116  10:04  Roach, Hydralisk x7  
  140  10:53  Roach x7, Hydralisk x5  
  140  10:54  Roach, Hydralisk x3  
Show
View Real Time Build Order
Export as new Build Order

A.I. 1 (Elite) Terran 

Build Orders:  

Get SALT Encoding   

  8  0:00  SCV  
  9  0:13  SCV  
  10  0:25  SCV  
  11  0:37  SCV  
  12  0:46  Supply Depot  
  12  0:49  SCV  
  13  0:59  Refinery  
  13  1:07  SCV  
  14  1:19  Barracks, SCV  
  15  1:31  SCV  
  16  1:43  SCV  
  16  1:45  Supply Depot  
  17  1:56  SCV  
  18  2:05  Marine  
  18  2:08  SCV  
  20  2:12  Factory  
  20  2:20  SCV  
  21  2:24  Barracks  
  21  2:29  Marine  
  21  2:32  SCV  
  23  2:44  Supply Depot, SCV  
  23  2:49  Marine  
  25  2:56  SCV  
  26  3:18  Command Center  
  26  3:21  Orbital Command  
  26  3:27  Refinery  
  26  3:29  Marine  
  27  3:41  Marine  
  27  3:46  SCV  
  29  3:51  Marine  
  30  3:58  SCV  
  30  3:59  Marine  
  32  4:09  Marine  
  33  4:11  SCV  
  33  4:17  Marine  
  34  4:23  SCV  
  35  4:24  Barracks  
  35  4:30  SCV, Barracks Tech Lab  
  36  4:35  Barracks Tech Lab, SCV  
  36  4:38  Factory Tech Lab  
  37  4:42  SCV  
  38  4:47  SCV  
  38  4:48  Marine  
  38  4:52  Stimpack  
  40  4:53  Marauder  
  40  4:54  SCV  
  40  4:59  SCV  
  44  5:01  Supply Depot  
  44  5:06  Marauder, SCV  
  47  5:11  Marine  
  47  5:12  SCV  
  49  5:18  SCV  
  50  5:22  Engineering Bay  
  50  5:23  Marauder  
  50  5:27  Marine  
  53  5:29  Supply Depot  
  53  5:30  Orbital Command  
  53  5:33  SCV  
  54  5:39  Combat Shield  
  54  5:45  Marauder, SCV  
  54  5:48  Terran Infantry Weapons Level 1  
  57  5:51  Marauder  
  57  5:53  Supply Depot  
  59  5:57  SCV  
  59  5:58  SCV  
  59  6:03  Engineering Bay  
  59  6:04  Barracks Reactor  
  61  6:06  Marauder  
  61  6:09  SCV  
  64  6:11  Marine  
  64  6:15  SCV  
  64  6:17  Supply Depot  
  66  6:21  SCV  
  66  6:25  Siege Tank  
  70  6:27  SCV, Marauder  
  70  6:28  Terran Infantry Armor Level 1  
  70  6:29  Marine  
  74  6:35  Command Center  
  74  6:38  SCV  
  75  6:41  SCV, Supply Depot  
  76  6:48  Marauder, Missile Turret, Concussive Shells  
  76  6:50  SCV  
  76  6:53  SCV, Marauder  
  82  7:00  Missile Turret  
  82  7:02  SCV, Siege Tank  
  82  7:04  Supply Depot  
  86  7:09  Marauder  
  86  7:14  Barracks  
  88  7:17  Starport  
  88  7:24  Refinery  
  88  7:25  Marine  
  88  7:26  Refinery  
  88  7:28  Marine  
  90  7:30  Supply Depot  
  90  7:35  Siege Tank  
  93  7:45  Missile Turret  
  93  7:47  SCV x2  
  93  7:48  SCV  
  93  7:49  Refinery  
  96  7:53  Medivac  
  98  7:59  Missile Turret, SCV x2  
  98  8:00  SCV  
  98  8:02  Refinery  
  98  8:04  Missile Turret  
  101  8:07  Siege Tank, Marauder  
  101  8:11  SCV  
  101  8:12  SCV  
  107  8:13  Orbital Command, Supply Depot  
  107  8:18  Marauder  
  109  8:23  SCV  
  109  8:24  Starport Reactor  
  109  8:25  SCV  
  111  8:34  Armory  
  111  8:35  SCV  
  111  8:39  Siege Tank  
  111  8:40  SCV  
  111  8:41  Supply Depot  
  116  8:42  SCV  
  116  8:48  SCV  
  118  8:52  SCV  
  118  8:54  SCV  
  120  8:59  Missile Turret  
  120  9:00  Medivac  
  123  9:02  SCV  
  123  9:05  Supply Depot, SCV  
  123  9:07  SCV  
  125  9:11  Siege Tank  
  125  9:14  SCV  
  129  9:17  SCV  
  129  9:19  SCV  
  129  9:21  Terran Infantry Weapons Level 2, Terran Vehicle And Ship Armor Level 1  
  129  9:23  Armory  
  131  9:25  Missile Turret  
  131  9:27  SCV  
  131  9:28  Supply Depot  
  132  9:34  Medivac  
  132  9:36  Factory  
  132  9:41  Starport, Command Center  
  132  9:43  Widow Mine  
  132  9:44  Marine  
  112  9:45  Marine  
  112  9:47  Marine  
  112  9:48  Marine  
  112  9:49  Marine  
  87  10:02  Marine  
  87  10:03  Marine  
  87  10:04  Siege Tank  
  87  10:05  Marine  
  87  10:06  Marine  
  94  10:07  Marine  
  94  10:10  Terran Vehicle Weapons Level 1  
  95  10:17  Starport Tech Lab  
  95  10:21  Marauder, Marine, Widow Mine  
  99  10:22  Marine  
  99  10:23  Marine  
  99  10:25  Marine  
  98  10:30  Medivac  
  86  10:35  SCV  
  86  10:36  SCV  
  86  10:37  Siege Tank  
  86  10:39  Marauder  
  86  10:40  Marine  
  86  10:41  Marine  
  86  10:42  Marauder  
  92  10:43  Marine  
  92  10:47  SCV  
  92  10:48  SCV  
  81  10:53  SCV  
  74  10:58  Marine  
  74  10:59  Marine, SCV  
  74  11:00  SCV, Marine  
  74  11:01  Marauder  
  74  11:03  Marauder  
  80  11:09  Siege Tank  
  80  11:13  Missile Turret  
  80  11:16  Marine  
  80  11:17  Marine  
  80  11:18  Marine  
  80  11:20  Command Center  
  80  11:22  Marauder  
  80  11:23  SCV  
  80  11:24  SCV, Marine  
  65  11:34  Marine  
  65  11:35  SCV, Marine  
  65  11:36  Marine, SCV  
  66  11:41  Siege Tank  
  66  11:42  Marine  
  66  11:43  Marine  
  64  11:47  SCV  
  64  11:48  SCV  
  64  11:52  Marine  
  64  11:53  Marine  
  55  11:54  Marine  
  55  12:00  Marauder  
  50  12:01  Marauder  
  47  12:09  Marine  
  47  12:11  Marine  
Tags
 
Composition
Roach Hydra
Matchup
TvZ
Spawn Locations
Cross Positions
Add a new tag
Caveats
  • Supply blocks, unpowered buildings, or Contaminate may cause inaccurate times.
  • Supply counts are checked every 10 seconds.